Map: Fields of Shazir

Players

Loken

  • Race: Protoss Protoss
  • League: Platinum
  • Spawn Location: 3:00

dallaskuken

  • Race: Protoss Protoss
  • League: Platinum
  • Spawn Location: 3:00

Myran

  • Race: Protoss Protoss
  • Spawn Location: 5:00

ЙôŠŠťęḞ

  • Race: Zerg Zerg
  • League: Diamond
  • Spawn Location: 9:00

berserk

  • Race: Terran Terran
  • League: Platinum
  • Spawn Location: 7:00

Logan

  • Race: Protoss Protoss
  • League: Diamond
  • Spawn Location: 9:00

VOD

Have the link to the VOD?

Description

Time

  • Played on: April 4, 2017, 4:21 p.m.
  • Length: 8:16
Show
View Real Time Build Order
Export as new Build Order

Loken Protoss 

Build Orders: 1 Gate Expand 

Get SALT Encoding   

  12  0:01  Probe (Chrono Boost)  
  13  0:11  Probe (Chrono Boost)  
  14  0:22  Pylon  
  14  0:23  Probe (Chrono Boost)  
  15  0:40  Probe (Chrono Boost)  
  16  0:45  Gateway  
  16  0:49  Assimilator  
  16  0:51  Probe (Chrono Boost)  
  17  1:01  Probe (Chrono Boost)  
  18  1:12  Probe (Chrono Boost)  
  19  1:27  Probe (Chrono Boost)  
  19  1:29  Nexus  
  20  1:38  Cybernetics Core  
  20  1:43  Probe (Chrono Boost)  
  21  1:51  Pylon  
  22  1:54  Probe (Chrono Boost)  
  22  1:57  Assimilator  
  22  2:13  Probe (Chrono Boost)  
  23  2:16  Warp Gate  
  23  2:31  Mothership Core (Chrono Boost)  
  25  2:43  Gateway  
  25  2:45  Gateway  
  25  2:47  Gateway  
  25  2:49  Probe (Chrono Boost)  
  26  2:57  Gateway  
  26  2:59  Probe (Chrono Boost)  
  27  3:10  Gateway  
  27  3:15  Pylon  
  27  3:31  Gateway x2  
  27  3:34  Probe (Chrono Boost)  
  27  3:37  Probe (Chrono Boost)  
  29  3:45  Probe (Chrono Boost)  
  29  3:48  Probe (Chrono Boost)  
  32  3:55  Probe (Chrono Boost)  
  32  3:58  Probe (Chrono Boost)  
  32  4:02  Twilight Council  
  33  4:06  Probe (Chrono Boost)  
  34  4:11  Probe (Chrono Boost)  
  34  4:17  Probe (Chrono Boost)  
  36  4:21  Probe (Chrono Boost)  
  37  4:27  Pylon, Probe (Chrono Boost)  
  38  4:32  Probe (Chrono Boost)  
  38  4:34  Adept x4  
  47  4:40  Resonating Glaives  
  47  4:48  Adept x2  
  47  4:50  Adept  
  53  4:57  Probe (Chrono Boost)  
  53  4:58  Probe (Chrono Boost)  
  55  5:04  Adept x2  
  55  5:05  Adept  
  61  5:27  Pylon  
  61  5:28  Pylon  
  61  5:31  Pylon  
  61  5:34  Assimilator  
  61  5:39  Assimilator  
  61  5:47  Adept x3  
  61  5:48  Adept x5  
  59  6:21  Adept  
  59  6:22  Adept x4  
  59  6:23  Adept x3  
  73  6:32  Probe (Chrono Boost)  
  74  6:33  Probe (Chrono Boost)  
  75  6:42  Probe (Chrono Boost)  
  75  6:43  Adept x4  
  75  6:44  Adept, Probe (Chrono Boost)  
  86  6:51  Pylon  
  86  6:55  Pylon  
  86  6:56  Pylon  
  86  7:01  Pylon  
  55  7:31  Stalker x5  
  55  7:32  Stalker x3  
  62  7:57  Stalker x4  
  62  7:58  Stalker x2  
Show
View Real Time Build Order
Export as new Build Order

dallaskuken Protoss 

Build Orders:  

Get SALT Encoding   

  12  0:01  Probe (Chrono Boost)  
  13  0:12  Probe (Chrono Boost)  
  14  0:21  Pylon  
  14  0:23  Probe (Chrono Boost)  
  15  0:39  Probe (Chrono Boost)  
  16  0:43  Gateway  
  16  0:49  Probe (Chrono Boost)  
  17  0:54  Assimilator  
  17  1:00  Probe (Chrono Boost)  
  18  1:11  Probe (Chrono Boost)  
  19  1:14  Assimilator  
  19  1:21  Probe (Chrono Boost)  
  20  1:27  Pylon  
  20  1:32  Probe (Chrono Boost)  
  21  1:34  Cybernetics Core  
  21  1:42  Probe (Chrono Boost)  
  22  1:53  Probe (Chrono Boost)  
  23  1:55  Zealot  
  25  2:02  Pylon  
  25  2:03  Probe (Chrono Boost)  
  26  2:11  Warp Gate  
  26  2:14  Probe (Chrono Boost)  
  27  2:24  Stalker  
  27  2:25  Mothership Core (Chrono Boost)  
  31  2:48  Nexus  
  31  2:50  Pylon  
  31  2:54  Probe (Chrono Boost)  
  32  3:09  Stalker  
  34  3:20  Gateway  
  34  3:21  Gateway  
  34  3:25  Probe (Chrono Boost)  
  35  3:35  Probe (Chrono Boost)  
  36  3:49  Robotics Facility  
  34  4:03  Zealot  
  2  5:58  Nexus  
  2  6:18  Pylon  
  2  7:23  Probe (Chrono Boost)  
  3  7:46  Probe (Chrono Boost)  
Show
View Real Time Build Order
Export as new Build Order

Myran Protoss 

Build Orders:  

Get SALT Encoding   

  12  0:01  Probe (Chrono Boost)  
  13  0:12  Probe (Chrono Boost)  
  14  0:23  Pylon, Probe (Chrono Boost)  
  15  0:39  Pylon  
  15  0:41  Probe (Chrono Boost)  
  16  0:52  Probe (Chrono Boost)  
  17  0:59  Gateway  
  17  1:02  Probe (Chrono Boost)  
  18  1:19  Probe (Chrono Boost)  
  19  1:27  Assimilator  
  19  1:35  Forge  
  19  1:40  Probe (Chrono Boost)  
  20  1:47  Zealot  
  20  1:53  Gateway  
  22  1:56  Pylon  
  22  1:58  Probe (Chrono Boost)  
  23  2:11  Probe (Chrono Boost)  
  24  2:17  Zealot  
  24  2:18  Cybernetics Core  
  24  2:22  Assimilator, Probe (Chrono Boost)  
  27  2:38  Photon Cannon  
  27  2:46  Probe (Chrono Boost)  
  27  2:49  Photon Cannon  
  27  2:50  Zealot  
  30  2:54  Stalker  
  30  2:57  Warp Gate  
  32  2:59  Probe (Chrono Boost)  
  33  3:19  Stalker, Probe (Chrono Boost)  
  36  3:24  Zealot  
  38  3:32  Pylon  
  38  3:36  Pylon  
  38  4:06  Probe (Chrono Boost)  
  39  4:10  Stalker  
  39  4:12  Stalker  
  43  4:27  Probe (Chrono Boost)  
  44  4:33  Gateway  
  44  4:46  Nexus  
  32  5:21  Stalker  
  32  5:26  Probe (Chrono Boost)  
  31  5:40  Gateway x2, Zealot  
  31  5:41  Zealot  
  33  5:49  Photon Cannon  
  33  5:52  Pylon  
  33  5:54  Photon Cannon  
  33  5:58  Probe (Chrono Boost)  
  33  6:00  Stalker  
  33  6:02  Stalker  
  38  6:09  Probe (Chrono Boost)  
  39  6:17  Stalker  
  41  6:19  Protoss Ground Weapons Level 1, Probe (Chrono Boost)  
  42  6:26  Twilight Council  
  42  6:28  Probe (Chrono Boost)  
  42  6:31  Probe (Chrono Boost)  
  44  6:35  Assimilator  
  44  6:38  Zealot, Probe (Chrono Boost)  
  47  6:40  Assimilator  
  47  6:42  Zealot  
  49  6:49  Probe (Chrono Boost)  
  49  6:50  Pylon  
  48  6:58  Stalker  
  48  6:59  Probe (Chrono Boost)  
  51  7:01  Stalker  
  53  7:10  Probe (Chrono Boost)  
  54  7:20  Zealot  
  54  7:21  Zealot  
  42  7:31  Stalker  
  44  7:44  Stalker  
  46  7:45  Stalker  
  46  8:00  Zealot  
  40  8:07  Zealot  
  40  8:15  Zealot  
Show
View Real Time Build Order
Export as new Build Order

ЙôŠŠťęḞ Zerg 

Build Orders: Hatch First 

Get SALT Encoding   

  12  0:02  Drone  
  13  0:13  Overlord  
  13  0:18  Drone  
  14  0:34  Drone x2  
  16  0:38  Drone  
  17  0:46  Drone  
  18  1:00  Hatchery  
  18  1:02  Drone  
  18  1:07  Drone  
  19  1:15  Extractor  
  18  1:23  Spawning Pool  
  18  1:24  Drone  
  18  1:29  Drone  
  19  1:39  Overlord  
  19  1:57  Drone  
  21  2:01  Drone  
  21  2:10  Queen  
  21  2:12  Zergling x2  
  21  2:14  Queen  
  21  2:15  Metabolic Boost  
  26  2:19  Zergling x2  
  28  2:22  Zergling x2  
  28  2:31  Zergling x2  
  28  2:34  Zergling x4  
  31  2:43  Baneling Nest  
  31  2:44  Drone  
  31  2:46  Overlord  
  30  3:07  Zergling x8  
  34  3:21  Zergling x2  
  34  3:22  Zergling x4  
  34  3:23  Drone, Zergling x4  
  34  3:26  Zergling x4  
  42  3:29  Baneling x5  
  42  3:30  Baneling  
  42  3:36  Zergling x2  
  36  3:58  Zergling x6  
  36  3:59  Zergling x4  
  34  4:16  Zergling x2  
  34  4:17  Zergling x2  
  36  4:19  Zergling x4  
  36  4:20  Zergling x4  
  40  4:28  Zergling x2  
  40  4:29  Zergling x2  
  42  4:38  Drone, Lair  
  43  4:39  Zergling x2  
  43  4:40  Evolution Chamber, Extractor  
  42  4:51  Drone  
  42  4:52  Drone  
  41  5:01  Zergling x4  
  40  5:10  Zergling x4  
  40  5:11  Drone  
  41  5:24  Drone  
  41  5:25  Drone x2  
  41  5:27  Roach Warren  
  43  5:30  Zergling x2  
  43  5:32  Zerg Melee Weapons Level 1  
  44  5:45  Overseer  
  44  5:47  Overlord  
  44  5:48  Overlord  
  44  5:53  Hatchery  
  44  5:54  Zergling x2  
  43  6:12  Drone x3  
  43  6:13  Drone x5  
  49  6:21  Drone  
  49  6:25  Drone  
  51  6:27  Glial Reconstitution  
  51  6:28  Extractor  
  51  6:30  Overlord  
  51  6:32  Zergling x2  
  51  6:33  Drone  
  51  6:37  Pneumatized Carapace  
  52  6:41  Zergling x2  
  46  6:55  Roach x2  
  46  6:56  Roach x3  
  46  7:01  Zergling x6  
  58  7:07  Zergling x6  
  62  7:09  Zergling x2  
  62  7:13  Zergling x2  
  62  7:14  Zergling x2  
  63  7:27  Roach x4  
  63  7:28  Roach  
  68  7:36  Overlord x2  
  68  7:38  Drone  
  68  7:41  Drone  
  68  7:42  Zergling x2  
  68  7:43  Drone  
  68  7:50  Zergling x6  
  67  7:52  Zergling x2  
  71  8:14  Ravager  
  71  8:15  Ravager x3  
Show
View Real Time Build Order
Export as new Build Order

berserk Terran 

Build Orders:  

Get SALT Encoding   

  12  0:01  SCV  
  13  0:13  SCV  
  14  0:25  SCV  
  15  0:30  Supply Depot  
  15  0:48  Supply Depot  
  15  0:52  SCV  
  16  0:57  Barracks  
  16  1:04  SCV  
  17  1:16  SCV  
  18  1:27  Command Center  
  18  1:32  SCV  
  19  1:40  Refinery  
  19  1:45  SCV, Marine  
  21  1:57  SCV  
  22  2:03  Marine  
  23  2:09  SCV  
  23  2:10  Refinery  
  24  2:21  SCV, Marine  
  26  2:33  SCV  
  27  2:38  SCV  
  27  2:39  Marine  
  29  2:45  SCV  
  29  2:49  Factory  
  30  2:52  SCV  
  30  2:57  Marine  
  32  2:58  Barracks  
  32  3:00  Barracks  
  32  3:01  SCV  
  33  3:12  SCV  
  34  3:13  SCV  
  34  3:14  Marine  
  36  3:24  SCV  
  36  3:26  SCV  
  38  3:32  Marine  
  39  3:36  SCV  
  40  3:45  Factory Tech Lab, Starport  
  40  3:46  Barracks Tech Lab  
  40  3:48  Barracks Reactor  
  40  3:50  Marine  
  41  4:08  Marine  
  42  4:26  Marine  
  42  4:29  Marine  
  42  4:30  Marine x2  
  46  4:45  SCV  
  46  5:00  Stimpack  
  46  5:01  Starport Reactor  
  46  5:05  Supply Depot  
  46  5:06  Orbital Command  
  46  5:09  Orbital Command  
  46  5:12  Refinery  
  46  5:15  Refinery  
  46  5:26  Marine x4, Siege Tank  
  53  5:28  Supply Depot  
  53  5:43  SCV  
  53  5:49  Marine x4  
  54  5:50  Medivac x2  
  54  5:51  Supply Depot  
  54  5:53  Supply Depot  
  62  6:12  SCV, Marine x2  
  62  6:16  Marine x2  
  65  6:20  Siege Tank  
  65  6:25  SCV  
  69  6:29  Marine  
  69  6:30  Marine  
  71  6:34  Marine x2  
  71  6:38  Medivac x2  
  77  6:47  Marine  
  78  6:55  Supply Depot  
  78  6:57  Supply Depot  
  78  7:14  Marine x3  
  78  7:15  Marine  
  78  7:17  Siege Tank  
  80  7:35  Marine x4  
  84  7:37  Medivac  
  84  7:38  Medivac  
  87  7:53  Marine x3  
Show
View Real Time Build Order
Export as new Build Order

Logan Protoss 

Build Orders: Blink Stalkers 

Get SALT Encoding   

  12  0:01  Probe (Chrono Boost)  
  13  0:11  Probe (Chrono Boost)  
  14  0:21  Pylon  
  14  0:24  Probe (Chrono Boost)  
  15  0:39  Probe (Chrono Boost)  
  15  0:41  Gateway  
  16  0:47  Assimilator  
  17  0:50  Probe (Chrono Boost)  
  17  0:56  Assimilator  
  17  1:08  Probe (Chrono Boost)  
  18  1:21  Probe (Chrono Boost)  
  19  1:30  Cybernetics Core  
  19  1:36  Pylon  
  19  1:42  Pylon  
  19  1:49  Gateway  
  19  1:51  Probe (Chrono Boost)  
  20  2:01  Warp Gate, Probe (Chrono Boost)  
  21  2:10  Stalker  
  21  2:14  Mothership Core (Chrono Boost)  
  25  2:34  Probe (Chrono Boost)  
  26  2:37  Twilight Council  
  26  2:40  Stalker  
  28  2:49  Stalker  
  30  3:05  Probe (Chrono Boost)  
  31  3:16  Pylon  
  31  3:21  Blink  
  31  3:36  Probe (Chrono Boost)  
  31  3:39  Pylon  
  32  3:43  Gateway  
  32  4:28  Pylon  
  32  4:35  Robotics Facility, Probe (Chrono Boost)  
  33  4:47  Probe (Chrono Boost)  
  33  4:51  Stalker  
  33  4:52  Stalker  
  37  4:54  Nexus  
  35  5:15  Pylon  
  35  5:16  Pylon  
  35  5:42  Stalker x3  
  38  6:09  Stalker x3  
  40  6:22  Warp Prism  
  40  6:23  Probe (Chrono Boost)  
  42  6:26  Probe (Chrono Boost)  
  44  6:33  Assimilator  
  44  6:34  Probe (Chrono Boost)  
  44  6:38  Probe (Chrono Boost)  
  46  6:48  Pylon  
  42  7:35  Probe (Chrono Boost)  
  43  7:48  Probe (Chrono Boost)  
  45  8:00  Probe (Chrono Boost)  
  45  8:02  Stalker x2  
  45  8:03  Stalker  
Tags
 
Add a new tag
Caveats
  • Supply blocks, unpowered buildings, or Contaminate may cause inaccurate times.
  • Supply counts are checked every 10 seconds.